Map: Pillars of Gold LE

Players

Bunny

  • Race: Terran Terran
  • Spawn Location: 1:00

INnoVation - Winner!

  • Race: Terran Terran
  • Spawn Location: 7:00

Event: IEM Katowice 2021

VOD

Have the link to the VOD?

Description

Time

  • Played on: Feb. 23, 2021, 12:28 p.m.
  • Length: 10:01

All games in this series

Show
View Real Time Build Order
Export as new Build Order

Bunny Terran 

Build Orders:  

Get SALT Encoding   

  12  0:00  SCV  
  13  0:12  SCV  
  14  0:17  Supply Depot  
  14  0:24  SCV  
  15  0:39  SCV  
  15  0:40  Barracks  
  16  0:44  Refinery  
  16  0:51  SCV  
  16  0:54  Refinery  
  17  1:03  SCV  
  18  1:15  SCV  
  19  1:27  Reaper, Orbital Command  
  19  1:29  Supply Depot  
  20  1:44  Factory  
  20  1:53  SCV  
  21  1:59  Reaper  
  22  2:05  SCV  
  23  2:17  SCV  
  23  2:21  Command Center  
  24  2:28  Hellion  
  25  2:30  SCV  
  25  2:35  Barracks Reactor  
  26  2:39  Supply Depot  
  26  2:42  SCV  
  27  2:49  Factory Tech Lab  
  27  2:54  SCV, Starport  
  28  3:06  SCV  
  28  3:08  Cyclone  
  28  3:11  Marine x2  
  34  3:18  SCV  
  35  3:28  Marine  
  35  3:29  Marine  
  35  3:30  SCV  
  38  3:34  Orbital Command  
  38  3:36  Refinery  
  38  3:37  Starport Tech Lab  
  38  3:43  SCV  
  38  3:46  Marine x2  
  41  3:55  Raven, SCV  
  44  4:00  SCV  
  44  4:04  Marine  
  44  4:06  Marine  
  44  4:09  SCV  
  47  4:11  Supply Depot  
  47  4:12  SCV, Siege Tank  
  47  4:17  Refinery  
  51  4:22  SCV, Marine  
  51  4:24  Marine  
  54  4:28  Supply Depot  
  54  4:32  SCV  
  54  4:37  SCV  
  54  4:38  Raven  
  58  4:40  Marine  
  58  4:41  Marine  
  58  4:45  Siege Tank  
  57  4:48  SCV  
  57  4:49  SCV  
  57  4:50  Supply Depot  
  59  4:57  Marine  
  59  4:59  Marine  
  61  5:00  SCV  
  61  5:01  SCV, Supply Depot  
  63  5:14  SCV  
  63  5:15  SCV  
  63  5:16  Supply Depot  
  63  5:17  Siege Tank  
  68  5:27  SCV x2  
  70  5:32  Viking x2  
  70  5:33  Stimpack, Marine  
  75  5:39  SCV x2  
  75  5:40  Supply Depot  
  77  5:49  Siege Tank  
  79  5:51  Marine  
  80  5:59  SCV x2  
  80  6:01  Supply Depot  
  80  6:02  Viking x2  
  85  6:09  Marine  
  86  6:15  Command Center  
  86  6:16  Supply Depot  
  86  6:21  Siege Tank  
  89  6:27  Marine  
  89  6:31  Supply Depot  
  89  6:32  Viking  
  92  6:36  Viking  
  80  6:51  SCV x2  
  80  6:53  Marine, Siege Tank  
  80  7:02  Viking  
  80  7:03  Supply Depot  
  80  7:04  SCV x2  
  80  7:06  Liberator  
  87  7:09  Supply Depot  
  87  7:11  Marine  
  88  7:16  SCV x2  
  90  7:25  Siege Tank  
  93  7:32  Viking  
  93  7:34  Marine  
  96  7:49  Viking  
  98  7:51  Orbital Command  
  98  7:54  Barracks, Marine  
  98  7:55  Barracks  
  99  8:02  Siege Tank, Viking  
  104  8:07  Combat Shield  
  104  8:08  SCV x2  
  106  8:19  Viking  
  108  8:25  SCV x3  
  108  8:26  Marine  
  112  8:32  Viking  
  108  8:37  SCV  
  101  8:46  SCV, Barracks Reactor x2  
  101  8:47  SCV, Marine  
  104  8:49  SCV, Siege Tank  
  108  9:00  SCV x2  
  108  9:01  SCV  
  111  9:05  Marine  
  111  9:06  Barracks, Engineering Bay  
  111  9:07  Barracks  
  111  9:08  Engineering Bay, Refinery  
  112  9:13  Viking  
  107  9:21  Siege Tank  
  105  9:26  Viking  
  105  9:29  Marine x5  
  112  9:43  SCV x2  
  112  9:44  SCV  
  92  9:56  Supply Depot, Refinery  
  92  9:57  Supply Depot  
Show
View Real Time Build Order
Export as new Build Order

INnoVation Terran - Winner!

Build Orders:  

Get SALT Encoding   

  12  0:00  SCV  
  13  0:12  SCV  
  14  0:17  Supply Depot  
  14  0:24  SCV  
  15  0:39  SCV, Barracks  
  16  0:44  Refinery  
  16  0:51  SCV  
  16  0:55  Refinery  
  17  1:03  SCV  
  18  1:15  SCV  
  19  1:26  Reaper  
  19  1:27  Orbital Command  
  19  1:31  Supply Depot  
  20  1:45  Factory  
  20  1:53  SCV  
  21  1:58  Reaper  
  22  2:05  SCV  
  23  2:17  SCV  
  24  2:23  Command Center  
  24  2:30  SCV  
  24  2:33  Hellion  
  27  2:39  Barracks Reactor  
  27  2:42  SCV  
  28  2:45  Supply Depot  
  28  2:54  SCV  
  28  2:56  Starport, Factory Tech Lab  
  29  3:06  SCV  
  30  3:16  Marine x2  
  30  3:17  Refinery  
  30  3:18  SCV  
  33  3:24  Factory Tech Lab  
  33  3:31  SCV  
  34  3:36  Marine x2, Orbital Command  
  34  3:38  Raven  
  38  3:43  SCV  
  38  3:47  Cyclone  
  42  3:54  Marine x2  
  44  3:57  SCV  
  46  4:02  SCV  
  46  4:09  SCV  
  45  4:10  Supply Depot  
  45  4:14  Marine x2  
  45  4:15  SCV  
  48  4:21  Raven, SCV  
  51  4:25  Siege Tank  
  54  4:32  SCV  
  54  4:33  SCV, Marine, Supply Depot  
  54  4:34  Marine  
  58  4:44  SCV  
  58  4:45  SCV  
  59  4:48  Supply Depot  
  59  4:52  Marine x2  
  59  4:56  SCV  
  59  4:57  SCV, Siege Tank  
  66  5:05  Command Center  
  66  5:09  SCV x2  
  68  5:16  Supply Depot  
  68  5:20  Viking x2  
  72  5:22  Marine  
  72  5:25  SCV x2  
  72  5:28  Refinery  
  75  5:31  Siege Tank  
  78  5:36  Supply Depot  
  78  5:38  SCV x2  
  78  5:39  Stimpack  
  78  5:40  Marine  
  81  5:50  Viking x2  
  81  5:52  SCV  
  86  5:57  SCV  
  86  5:59  Marine  
  86  6:01  Supply Depot  
  86  6:03  Siege Tank  
  91  6:08  SCV  
  91  6:09  SCV  
  93  6:19  Barracks, Orbital Command  
  93  6:20  Barracks  
  93  6:23  Viking  
  95  6:26  Viking  
  95  6:28  SCV  
  95  6:29  SCV  
  95  6:32  Marine  
  99  6:39  Siege Tank  
  83  6:47  SCV x2  
  83  6:53  Viking  
  74  6:56  Marine, Viking  
  74  6:57  SCV  
  74  6:59  SCV x2  
  77  7:04  Engineering Bay  
  77  7:05  Engineering Bay  
  77  7:09  Barracks Reactor  
  77  7:10  Barracks Reactor  
  77  7:11  Siege Tank  
  77  7:12  SCV  
  77  7:13  SCV  
  77  7:14  SCV  
  83  7:19  Marine  
  83  7:23  Viking  
  83  7:26  Viking  
  87  7:31  SCV x3  
  90  7:37  Terran Infantry Weapons Level 1, Terran Infantry Armor Level 1  
  90  7:42  Marine  
  91  7:48  Siege Tank  
  91  7:50  SCV x3  
  96  7:52  Barracks  
  96  7:53  Barracks  
  96  7:55  Viking  
  96  7:57  Refinery  
  97  7:58  Refinery  
  97  8:02  Viking  
  97  8:04  Marine  
  97  8:05  Marine x3  
  102  8:06  Marine  
  102  8:08  SCV x2  
  105  8:13  Supply Depot  
  105  8:17  Combat Shield  
  105  8:18  SCV  
  106  8:20  SCV x2  
  106  8:23  Marine x4  
  106  8:24  Marine  
  106  8:26  Viking  
  115  8:32  Viking  
  108  8:38  SCV x3  
  108  8:40  Siege Tank  
  109  8:41  Barracks Reactor  
  109  8:45  Barracks Reactor  
  109  8:47  Marine x5  
  114  8:53  Supply Depot  
  115  9:00  Refinery  
  115  9:02  Medivac x2  
  116  9:04  Marine  
  116  9:05  Marine x4  
  114  9:14  Siege Tank  
  117  9:18  SCV x2  
  117  9:20  SCV  
  117  9:21  Sensor Tower  
  117  9:22  Marine x2  
  117  9:23  Marine x3  
  121  9:29  Armory  
  121  9:30  SCV  
  122  9:37  Marine x4  
  113  9:49  SCV x3  

Tags
 
Add a new tag
Caveats
  • Supply blocks, unpowered buildings, or Contaminate may cause inaccurate times.
  • Supply counts are checked every 10 seconds.